 Dungeon Crawl Stone Soup version 0.26.0-16-gc1dbca0489 (webtiles) character file.

Game seed: 11264238967129364711

399 thiole the Sneak (level 6, -6/38 (41) HPs)
             Began as an Octopode Hedge Wizard on Jan 19, 2021.
             Mangled by an orc
             ... wielding a +1 flail of draining
              (9 damage)
             ... on level 4 of the Dungeon.
             The game lasted 00:07:11 (4911 turns).

thiole the Sneak (Octopode Hedge Wizard)            Turns: 4911, Time: 00:07:12

HP:   -6/38 (41)    AC:  1    Str:  9      XL:     6   Next: 84%
MP:   10/12         EV: 13    Int: 17 (18) God:
Gold: 221           SH:  0    Dex: 11 (12) Spells: 7/13 levels left

rFire    . . .     SeeInvis .   a - +0 dagger
rCold    . . .     Faith    .   (no shield)
rNeg     . . .     Spirit   .   b - +0 hat
rPois    +         Reflect  .   (no amulet)
rElec    .         Harm     .   n - ring of poison resistance
rCorr    .         Rampage  .   (no ring)
Will     .....                  (no ring)
Stlth    ++++......             (no ring)
HPRegen  0.12/turn              (no ring)
MPRegen  0.13/turn              (no ring)
                                (no ring)
                                (no ring)

@: drained
A: almost no armour, stealthy swim, amphibious, 8 rings, constrict 8, camouflage
1, gelatinous body 1
a: no special abilities


You were on level 4 of the Dungeon.
You visited 1 branch of the dungeon, and saw 4 of its levels.

You collected 221 gold pieces.

Inventory:

Hand Weapons
 a - a +0 dagger (weapon)
 h - a +1 spear of freezing
Armour
 b - a +0 hat (worn)
Jewellery
 c - an uncursed ring of protection from cold {unknown}
 i - a +4 ring of evasion {unknown}
 n - a ring of poison resistance (left tentacle)
Scrolls
 d - 3 scrolls of teleportation
 e - 2 scrolls of amnesia
 g - a scroll of enchant weapon
 j - a scroll of immolation {unknown}
 k - a scroll of remove curse
 o - a scroll of identify {unknown}
Potions
 f - a potion of degeneration
 l - a potion of resistance {unknown}
 m - a potion of ambrosia {unknown}
 p - a potion of mutation {unknown}


   Skills:
 + Level 2.9 Fighting
 - Level 2.0 Dodging
 + Level 5.3 Stealth
 + Level 4.1 Spellcasting
 - Level 2.0 Conjurations
 - Level 2.0 Summonings
 - Level 1.0 Translocations
 * Level 1.7 Air Magic
 - Level 2.0 Poison Magic


You had 7 spell levels left.
You knew the following spells:

 Your Spells              Type           Power        Failure   Level
a - Magic Dart            Conj           40%          7%          1
b - Call Imp              Summ           10%          11%         2
c - Mephitic Cloud        Conj/Pois/Air  10%          22%         3

Your spell library contained the following spells:

 Spells                   Type           Power        Failure   Level
 Apportation              Tloc           12%          11%         1
 Blink                    Tloc           N/A          16%         2
 Slow                     Hex            3%           24%         2
 Conjure Flame            Conj/Fire      6%           30%         3
 Lesser Beckoning         Tloc           3%           30%         3
 Tukima's Dance           Hex            3%           43%         3
 Alistair's Intoxication  Tmut/Pois      4%           96%         5
 Invisibility             Hex            3%           100%        6


Dungeon Overview and Level Annotations

Branches:
Dungeon (4/15)
 Temple: D:4-7

Altars:
Cheibriados


Innate Abilities, Weirdness & Mutations

You cannot wear most types of armour.
You are very stealthy in the water. (Stealth+)
You are amphibious.
You can wear up to eight rings at the same time.
You can use your tentacles to constrict eight enemies at once.
Your skin changes colour to match your surroundings (Stealth+).
Your rubbery body absorbs attacks. (AC +1, EV +1)


Message History

The orc closely misses you. The bullfrog closely misses you.
You hit the bullfrog but do no damage.
The bullfrog is severely wounded.
You constrict the bullfrog. The bullfrog hits you.
The orc hits you with a +1 flail of draining.
You feel drained.
You hit the bullfrog but do no damage.
The bullfrog is severely wounded.
You constrict the bullfrog. The bullfrog hits you!
The orc hits you with a +1 flail of draining!
* * * LOW HITPOINT WARNING * * *
You feel drained.
* * * LOW HITPOINT WARNING * * *
The bullfrog hits you.
* * * LOW HITPOINT WARNING * * *
You hit the bullfrog but do no damage.
The bullfrog is almost dead.
You constrict the bullfrog. The bullfrog barely misses you.
The orc hits you with a +1 flail of draining!
You die...

####......
#..#.## ## .. #.
#. ###
#######.###.....
.......#........
#...oF###.###.
....###@# #
#..?..#
#.>.....#
..####### ###


You could see a bullfrog and an orc.

Vanquished Creatures
  A scorpion (D:4)
  3 orc wizards
  Natasha (thrice) (D:2)
  A worker ant (D:4)
  A gnoll (D:3)
  6 adders
  An ooze (D:2)
  2 worms (D:2)
  A dart slug (D:2)
  2 leopard geckos
  12 orcs
  2 ball pythons
  3 giant cockroaches
  9 hobgoblins
  11 jackals
  5 quokkas
  6 bats
  6 frilled lizards
  9 goblins
  9 kobolds
  A leopard gecko skeleton (D:4)
  4 rats
98 creatures vanquished.

Notes
Turn   | Place    | Note
-------+----------+-------------------------------------------
     0 | D:1      | thiole the Octopode Hedge Wizard began the quest for the
                  | Orb.
     0 | D:1      | Reached XP level 1. HP: 11/11 MP: 4/4
   472 | D:1      | Reached XP level 2. HP: 18/18 MP: 3/6
   605 | D:1      | Reached skill level 3 in Stealth
   786 | D:1      | Reached XP level 3. HP: 20/22 MP: 2/7
   969 | D:1      | Found a snail-covered altar of Cheibriados.
  1283 | D:2      | Reached skill level 1 in Fighting
  1603 | D:2      | Reached XP level 4. HP: 28/28 MP: 1/8
  1678 | D:2      | Noticed Natasha
  1686 | D:2      | Killed Natasha
  2082 | D:2      | Reached skill level 4 in Stealth
  2518 | D:2      | Reached XP level 5. HP: 34/34 MP: 4/10
  2554 | D:2      | Noticed Natasha
  2563 | D:2      | Killed Natasha
  2999 | D:2      | Noticed Natasha
  3011 | D:2      | Killed Natasha
  3568 | D:3      | Learned a level 2 spell: Call Imp
  3572 | D:3      | Learned a level 3 spell: Mephitic Cloud
  3746 | D:3      | Reached XP level 6. HP: 39/41 MP: 5/11
  3862 | D:3      | Reached skill level 5 in Stealth
  4025 | D:3      | Reached skill level 1 in Air Magic
  4025 | D:3      | Reached skill level 1 in Poison Magic
  4911 | D:4      | Mangled by an orc

Illustrated notes

Levels and vault maps discovered:
D:1:      evilmike_arrival_fibonacci_small, layout_basic, cheibriados_altar_1
D:2:      layout_basic, uniq_natasha
D:3:      layout_basic, minmay_box_of_dots
D:4:      layout_loops_ring, minmay_surrounded, uniq_sigmund

Skill      XL: |  1  2  3  4  5  6 |
---------------+-------------------+-----
Stealth        | 3 4 5 |  5.3
Fighting       | 1 2 |  2.9
Conjurations   | 2 |  2.0
Summonings     | 2 |  2.0
Spellcasting   | 4 |  4.1
Air Magic      | 1 |  1.7
Poison Magic   | 2 |  2.0
Dodging        | |  2.0
Translocations | |  1.0

Action                   |  1- 3 |  4- 6 || total
-------------------------+-------+-------++-------
Melee: Dagger            |    39 |   135 ||   174
       Constrict         |    14 |    30 ||    44
       Tentacles         |     7 |    28 ||    35
 Cast: Magic Dart        |    63 |   138 ||   201
  Use: Potion            |       |     5 ||     5
       Scroll            |       |     5 ||     5
 Stab: Sleeping          |       |     4 ||     4
Armor: Skin              |     2 |     5 ||     7
Dodge: Dodged            |    21 |    68 ||    89
